 Dungeon Crawl Stone Soup version 0.21.1-1-g345015fe64 (webtiles) character file.

55 Kohma the Sneak (level 3, -2/16 HPs)
             Began as a Spriggan Venom Mage on June 26, 2018.
             Slain by a worm (10 damage)
             ... on level 2 of the Dungeon.
             The game lasted 00:04:21 (2414 turns).

Kohma the Sneak (Spriggan Venom Mage)               Turns: 2414, Time: 00:04:22

Health: -2/16      AC:  2    Str:  4    XL:     3   Next: 67%
Magic:  1/8        EV: 20    Int: 17    God:
Gold:   84         SH:  0    Dex: 16    Spells: 5/8 levels left

rFire    . . .     SeeInvis +   n - +0 hand axe
rCold    . . .     Gourm    .   (shield restricted)
rNeg     . . .     Faith    .   a - +0 robe
rPois    .         Spirit   .   (helmet restricted)
rElec    .         Reflect  .   (no cloak)
rCorr    .         Harm     .   (gloves unavailable)
MR       .....                  (boots unavailable)
Stlth    +++.......             (no amulet)
HPRegen  0.05/turn              (no ring)
MPRegen  0.11/turn              (no ring)

@: very quick
A: very small, unfitting armour, see invisible, herbivore, speed 3, slow
metabolism 2
a: no special abilities


You were on level 2 of the Dungeon.
You were not hungry.

You visited 1 branch of the dungeon, and saw 2 of its levels.

You collected 84 gold pieces.

Inventory:

Hand Weapons
 n - a +0 hand axe (weapon)
Missiles
 j - 14 arrows
Armour
 a - a +0 robe (worn)
Jewellery
 o - an uncursed ring of stealth {unknown}
Scrolls
 e - 3 scrolls of identify {unknown}
 h - a scroll of noise {unknown}
 l - a scroll of enchant armour {unknown}
 m - a scroll of fog {unknown}
Potions
 d - a potion of curing {unknown}
 f - a potion of degeneration {unknown}
 g - 2 potions of brilliance {unknown}
 i - 2 potions of agility {unknown}
 k - a potion of magic {unknown}
 p - a potion of lignification {unknown}
 q - a potion of flight {unknown}
Books
 b - a Young Poisoner's Handbook

   Spells                             Type                      Level
   a - Sting                          Conjuration/Poison           1
   b - Poisonous Vapours              Poison/Air                   2
   c - Mephitic Cloud                 Conjuration/Poison/Air       3
   d - Olgreb's Toxic Radiance        Poison                       4
   e - Venom Bolt                     Conjuration/Poison           5
Comestibles
 c - 4 rations


   Skills:
 * Level 4.4 Dodging
 * Level 4.7 Stealth
 + Level 3.3 Spellcasting
 - Level 0.6 Conjurations
 - Level 3.0 Poison Magic


You had 5 spell levels left.
You knew the following spells:

 Your Spells              Type           Power        Failure   Level  Hunger
a - Sting                 Conj/Pois      #...         9%          1    None
b - Poisonous Vapours     Pois/Air       #.....       14%         2    ##.....


Dungeon Overview and Level Annotations

Branches:
Dungeon (2/15)

Altars:

Annotations:
D:1 exclusion: downstairs


Innate Abilities, Weirdness & Mutations

You are very small and have problems with some larger weapons.
You are too small for most types of armour.
You have supernaturally acute eyesight. (SInv)
You are a herbivore.
You cover ground extremely quickly.
You need consume almost no food.


Message History

The sting hits the worm.
The worm is moderately wounded.
You hit the worm.
The worm is heavily wounded.
The worm bites you!
Ouch! That really hurt!
You barely miss the worm.
The worm is heavily wounded.
The worm misses you.
You barely miss the worm.
The worm is heavily wounded.
The worm misses you.
You hit the worm.
The worm is severely wounded.
The worm looks more healthy.
You hit the worm.
The worm is severely wounded.
The worm bites you!
Ouch! That really hurt!
You die...

#.# #.# ... #.#
#.# ... #.# #.#
.. #.# #.# ..
#.# #w# #w #.#
#.# #. #.# #.#
#.######.###.#
#..w@........#
########.######.
...............
#######.######.
#.# #<# #.# ###


You could see a worm.

Vanquished Creatures
  An adder (D:2)
  An ooze (D:1)
  2 dart slugs (D:1)
  3 worms (D:2)
  A bat (D:1)
  2 giant cockroaches
  A goblin (D:1)
  6 hobgoblins (D:1)
  2 kobolds (D:1)
  A ball python (D:1)
  2 frilled lizards
  9 rats
31 creatures vanquished.

Notes
Turn   | Place    | Note
-------+----------+-------------------------------------------
     0 | D:1      | Kohma the Spriggan Venom Mage began the quest for the Orb.
     0 | D:1      | Reached XP level 1. HP: 9/9 MP: 5/5
   311 | D:1      | Reached XP level 2. HP: 13/13 MP: 4/6
   334 | D:1      | Learned a level 2 spell: Poisonous Vapours
  1392 | D:1      | Reached XP level 3. HP: 16/16 MP: 5/8
  2414 | D:2      | Slain by a worm

Skill      XL: |  1  2 |
---------------+-------+-----
Spellcasting   | 3 |  3.3
Stealth        | 4 |  4.7
Dodging        | 4 |  4.4
Conjurations   | |  0.6
Poison Magic   | |  3.0

Action                   || total
-------------------------++-------
Melee: Unarmed           ||    15
       Hand axe          ||     7
 Cast: Sting             ||    17
       Poisonous Vapours ||    43
  Eat: Ration            ||     1
Dodge: Dodged            ||    22
